 Dungeon Sprint DCSS version 0.22-a0-542-gce4f928 (webtiles) character file.

11318 raistware the Imperceptible (level 11, -3/63 HPs)
             Began as a Spriggan Assassin on June 24, 2018.
             Was the Champion of Dithmenos.
             Slain by a tyrant leech (29 damage)
             ... in the Dungeon (Sprint III: "The Ten Rune Challenge").
             The game lasted 00:39:35 (5098 turns).

raistware the Imperceptible (Spriggan Assassin)     Turns: 5098, Time: 00:39:36

Health: -3/63      AC:  3    Str:  9    XL:     11   Next: 47%
Magic:  13/13      EV: 38    Int: 13    God:    Dithmenos [******]
Gold:   1106       SH:  0    Dex: 21    Spells: 10/10 levels left

rFire    + . .     SeeInvis +   a - +2 dagger
rCold    . . .     Gourm    .   (shield restricted)
rNeg     . . .     Faith    .   c - +0 robe
rPois    .         Spirit   .   (helmet restricted)
rElec    .         Reflect  .   d - +0 cloak
rCorr    .         Harm     .   (gloves unavailable)
MR       +....     NoTele   +   (boots unavailable)
Stlth    ++++++++++             (no amulet)
HPRegen  0.20/turn              (no ring)
MPRegen  0.13/turn              (no ring)

@: wreathed by umbra, very quick
A: very small, unfitting armour, horns 1, see invisible, fire resistance 1,
herbivore, speed 3, robust 1, slow metabolism 2, strong 1
a: Shadow Step, Shadow Form, Renounce Religion


You were in the Dungeon.
You worshipped Dithmenos.
Dithmenos was exalted by your worship.
You were not hungry.

You visited 1 branch You collected 1106 gold pieces.

Inventory:

Hand Weapons
 a - a +2 dagger (weapon)
 b - a +0 blowgun
 v - a +1 long sword of holy wrath
 x - a +0 dagger of holy wrath
Missiles
 e - 5 poisoned needles
 f - 6 curare-tipped needles
Armour
 c - a +0 robe (worn)
 d - a +0 cloak (worn)
Scrolls
 m - a scroll of blinking
 q - a scroll of identify
 r - 3 scrolls of remove curse
 t - a scroll of holy word
Potions
 k - 2 potions of magic
 s - a potion of flight
Comestibles
 g - 14 rations


   Skills:
 + Level 7.6 Fighting
 - Level 10.0 Short Blades
 + Level 9.3 Throwing
 + Level 1.3 Armour
 * Level 21.3 Dodging
 + Level 24.5 Stealth
 - Level 1.8 Invocations


You had 10 spell levels left.
You didn't know any spells.
Your spell library contained the following spells:

 Spells                   Type           Power        Failure   Level  Hunger
 Magic Dart               Conj           #...         30%         1    ##.....
 Conjure Flame            Conj/Fire      #.......     67%         3    ####...
 Slow                     Hex            #.......     43%         2    ###....
 Confuse                  Hex            #.......     67%         3    ####...
 Mephitic Cloud           Conj/Pois/Air  #.......     67%         3    ####...
 Blink                    Tloc           N/A          43%         2    ###....
 Call Imp                 Summ           #.......     43%         2    ###....
 Confusing Touch          Hex            #.....       30%         1    ##.....
 Metabolic Englaciation   Hex/Ice        #.........   100%        5    ######.
 Petrify                  Tmut/Erth      #.......     97%         4    #####..
 Gell's Gravitas          Tloc           #.........   67%         3    ####...
 Yara's Violent Unravell  Hex/Tmut       #.........   100%        5    ######.


Dungeon Overview and Level Annotations

Branches:
Dungeon (1/1)

Altars:
Cheibriados
Dithmenos
Elyvilon
Fedhas
Gozag
Hepliaklqana
Kikubaaqudgha
Makhleb
Nemelex Xobeh
Okawaru
Qazlal
Ru
Sif Muna
Trog
Uskayaw
Vehumet
Wu Jian
Xom
Yredelemnul
Zin
The Shining One
Beogh
Jiyva
Lugonu

Shops:
D [


Innate Abilities, Weirdness & Mutations

You are very small and have problems with some larger weapons.
You are too small for most types of armour.
You have supernaturally acute eyesight. (SInv)
You are a herbivore.
You cover ground extremely quickly.
You need to consume almost no food.
You have a pair of small horns on your head.
Your flesh is heat resistant. (rF+)
You are robust. (+10% HP)
Your muscles are strong. (Str +2)


Message History

You hit the tyrant leech but do no damage.
The tyrant leech is lightly wounded.
Your shadow hits the tyrant leech but does no damage.
The tyrant leech completely misses you.
You hit the tyrant leech but do no damage.
Your headbutt misses the tyrant leech.
The tyrant leech is lightly wounded.
Your shadow hits the tyrant leech but does no damage.
You barely miss the tyrant leech.
The tyrant leech is lightly wounded.
You barely miss the tyrant leech.
The tyrant leech is lightly wounded.
The tyrant leech closely misses you.
You hit the tyrant leech.
The tyrant leech is lightly wounded.
Your shadow hits the tyrant leech but does no damage.
You miss the tyrant leech. You headbutt the tyrant leech.
The tyrant leech is lightly wounded.
Your shadow misses the tyrant leech. The tyrant leech bites you!!
You die...

▓▓▓▓▓▓▓▓▓▓▓▓▓▓▓▓▓▓▓▓▓▓▓▓▓▓▓▓▓▓▓▓▓
♣.....♣♣♣♣≈≈≈........≈≈≈
♣.≈≈≈≈'♣♣'♣≈≈≈≈≈≈≈≈≈≈≈≈♣
§§F.≈≈+.....#.≈♣♣♣♣♣♣♣♣♣♣♣♣♣♣♣
§§F.≈♣♣♣♣♣♣♣#..♣♣ §§≈F ###'♣ ###
♣♣♣♣§# ♣§§§## ♣♣@## ♣§w# ♣♣§# .#
.. ###


You could see a tyrant leech.

Vanquished Creatures
  Sigmund (D)
  Erolcha (D)
  An orc high priest (D)
  A deep elf mage (D)
  An orc knight (D)
  Edmund (D)
  A rime drake (D)
  A komodo dragon (D)
  3 wandering mushrooms (D)
  A queen bee (D)
  A tyrant leech (D)
  A shadow (D)
  3 redbacks (D)
  A spatial vortex (D)
  2 orc warriors (D)
  A swamp drake (D)
  A necrophage (D)
  5 two-headed ogres (D)
  A water elemental (D)
  A scorpion (D)
  32 killer bees (D)
  A jelly (D)
  3 orc wizards (D)
  2 orc priests (D)
  A wizard (D)
  A necromancer (D)
  3 humans (D)
  A kobold demonologist (D)
  9 orcs (D)
  4 rats (D)
86 creatures vanquished.

Vanquished Creatures (collateral kills)
  A spiny frog (D)
1 creature vanquished.

Vanquished Creatures (others)
  2 draconian scorchers (D)
  Nessos (D)
  6 hellions (D)
  3 yaktaurs (D)
  3 plants (D)
15 creatures vanquished.

Grand Total: 102 creatures vanquished

Notes
Turn   | Place    | Note
-------+----------+-------------------------------------------
     0 | D        | raistware the Spriggan Assassin began the quest for the Orb.
     0 | D        | Reached XP level 1. HP: 10/10 MP: 2/2
     7 | D        | Reached skill level 6 in Stealth
    41 | D        | Reached skill level 7 in Stealth
    90 | D        | Reached skill level 10 in Stealth
    90 | D        | Reached XP level 2. HP: 4/14 MP: 3/3
   114 | D        | Killed a hellion
   114 | D        | Killed a hellion
   114 | D        | Killed a hellion
   140 | D        | Killed a yaktaur
   162 | D        | Killed a hellion
   163 | D        | Killed a hellion
   176 | D        | Killed a hellion
   185 | D        | Killed a white draconian scorcher
   198 | D        | Killed a white draconian scorcher
   322 | D        | Noticed a scorpion
   326 | D        | Killed a scorpion
   326 | D        | Reached skill level 13 in Stealth
   326 | D        | Reached XP level 3. HP: 17/18 MP: 4/4
   326 | D        | Reached XP level 4. HP: 21/22 MP: 5/5
   375 | D        | Gained mutation: Potions are less effective at restoring your health. [potion of mutation]
   375 | D        | Gained mutation: You are partially covered in large bone plates. (SH +4) [potion of mutation]
   376 | D        | Lost mutation: Potions are less effective at restoring your health. [potion of mutation]
   376 | D        | Lost mutation: You are partially covered in large bone plates. (SH +4) [potion of mutation]
   376 | D        | Gained mutation: You are resistant to hostile enchantments. (MR+) [potion of mutation]
   376 | D        | Gained mutation: You have sharp toenails. [potion of mutation]
   377 | D        | Noticed a water elemental
   380 | D        | Killed a water elemental
   384 | D        | Found a radiant altar of Vehumet.
   385 | D        | Found a deep blue altar of Sif Muna.
   385 | D        | Found an ancient bone altar of Kikubaaqudgha.
   385 | D        | Noticed a wizard
   386 | D        | Killed a wizard
   386 | D        | Reached skill level 5 in Dodging
   386 | D        | Reached XP level 5. HP: 25/25 MP: 6/6
   388 | D        | Reached skill level 14 in Stealth
   402 | D        | Found a glowing silver altar of Zin.
   403 | D        | Found a glowing golden altar of the Shining One.
   403 | D        | Found a white marble altar of Elyvilon.
   403 | D        | Noticed a deep elf mage
   405 | D        | Killed a deep elf mage
   405 | D        | Reached skill level 5 in Throwing
   405 | D        | Reached skill level 10 in Dodging
   405 | D        | Reached skill level 16 in Stealth
   405 | D        | Reached XP level 6. HP: 30/30 MP: 7/7
   405 | D        | Reached XP level 7. HP: 33/33 MP: 8/8
   416 | D        | Found a hide-covered altar of Uskayaw.
   416 | D        | Found an iron altar of Okawaru.
   417 | D        | Found a roughly hewn altar of Beogh.
   417 | D        | Found a bloodstained altar of Trog.
   417 | D        | Found an ornate altar of the Wu Jian Council.
   417 | D        | Noticed a human
   417 | D        | Noticed a human
   419 | D        | Killed a human
   420 | D        | Killed a human
   420 | D        | Reached skill level 17 in Stealth
   436 | D        | Found a shadowy altar of Dithmenos.
   437 | D        | Found a basalt altar of Yredelemnul.
   437 | D        | Found a sacrificial altar of Ru.
   448 | D        | Became a worshipper of Dithmenos the Shadowed
   454 | D        | Noticed a shadow
   493 | D        | Reached XP level 8. HP: 34/37 MP: 9/9
   497 | D        | HP: 1/37 [shadow (12)]
   592 | D        | Found a blossoming altar of Fedhas.
   592 | D        | Found a stormy altar of Qazlal.
   593 | D        | Found a snail-covered altar of Cheibriados.
   593 | D        | Found a burning altar of Makhleb.
   593 | D        | Found a hazy altar of Hepliaklqana.
   593 | D        | Found a shimmering altar of Xom.
   593 | D        | Found an opulent altar of Gozag.
   593 | D        | Found a sparkling altar of Nemelex Xobeh.
   593 | D        | Found a corrupted altar of Lugonu.
   593 | D        | Found a viscous altar of Jiyva.
   625 | D        | Reached * piety under Dithmenos
   670 | D        | Reached skill level 10 in Short Blades
   670 | D        | Reached skill level 18 in Stealth
   899 | D        | Found Doisurphaf's Armour Boutique.
   939 | D        | Noticed a two-headed ogre
   997 | D        | Killed a two-headed ogre
   997 | D        | Reached ** piety under Dithmenos
   997 | D        | Reached skill level 1 in Invocations
  1016 | D        | Noticed a two-headed ogre
  1016 | D        | Noticed Erolcha
  1018 | D        | Killed Erolcha
  1018 | D        | Reached skill level 15 in Dodging
  1018 | D        | Reached skill level 19 in Stealth
  1018 | D        | Reached XP level 9. HP: 22/41 MP: 11/11
  1019 | D        | Killed a two-headed ogre
  1019 | D        | Reached skill level 20 in Stealth
  1171 | D        | Noticed an orc high priest
  1171 | D        | Noticed an orc knight
  1212 | D        | Reached *** piety under Dithmenos
  1270 | D        | Lost mutation: You have sharp toenails. [potion of mutation]
  1270 | D        | Lost mutation: You are resistant to hostile enchantments. (MR+) [potion of mutation]
  1270 | D        | Gained mutation: Your magical capacity is low. (-10% MP) [potion of mutation]
  1270 | D        | Gained mutation: You are resistant to hostile enchantments. (MR+) [potion of mutation]
  1270 | D        | Gained mutation: Your flesh is heat resistant. (rF+) [potion of mutation]
  1270 | D        | Gained mutation: Your mind is acute. (Int +2) [potion of mutation]
  1391 | D        | Killed a yaktaur
  1869 | D        | Reached **** piety under Dithmenos
  1913 | D        | Killed Nessos
  1928 | D        | Killed an orc knight
  2276 | D        | Reached ***** piety under Dithmenos
  2352 | D        | Killed an orc high priest
  2352 | D        | Reached skill level 21 in Stealth
  2352 | D        | Reached XP level 10. HP: 38/49 MP: 11/11
  2993 | D        | Noticed Edmund
  2994 | D        | Noticed Sigmund
  2997 | D        | Killed Sigmund
  2997 | D        | Reached skill level 23 in Stealth
  2997 | D        | Reached XP level 11. HP: 37/56 MP: 12/12
  2998 | D        | Killed Edmund
  3193 | D        | Reached skill level 24 in Stealth
  3298 | D        | Noticed a yaktaur captain
  3339 | D        | Reached ****** piety under Dithmenos
  3411 | D        | Lost mutation: Your magical capacity is low. (-10% MP) [potion of mutation]
  3411 | D        | Lost mutation: You are resistant to hostile enchantments. (MR+) [potion of mutation]
  3411 | D        | Lost mutation: Your mind is acute. (Int +2) [potion of mutation]
  3411 | D        | Gained mutation: You are robust. (+10% HP) [potion of mutation]
  3411 | D        | Gained mutation: Your muscles are strong. (Str +2) [potion of mutation]
  3411 | D        | Gained mutation: You have a pair of small horns on your head. [potion of mutation]
  3421 | D        | HP: 3/63 [poisoned by a killer bee]
  3425 | D        | HP: 1/63 [poisoned by a killer bee]
  4981 | D        | Reached skill level 1 in Armour
  5098 | D        | Slain by a tyrant leech

Vault maps used:
D:        dungeon_sprint_mu

Skill      XL: |  1  2  3  4  5  6  7  8  9 10 11 |
---------------+----------------------------------+-----
Stealth        | 10 13 16 17 19 21 23 24 | 24.5
Short Blades   | 4 8 9 10 | 10.0
Throwing       | 3 5 6 8 9 |  9.3
Dodging        | 5 10 11 15 16 19 21 | 21.3
Invocations    | 1 |  1.8
Fighting       | 3 6 7 |  7.6
Armour         | 1 |  1.3

Action                   |  1- 3 |  4- 6 |  7- 9 | 10-12 || total
-------------------------+-------+-------+-------+-------++-------
Melee: Dagger            |    20 |     4 |   228 |   454 ||   706
       Kick              |       |       |    50 |       ||    50
       Long sword        |       |       |     6 |       ||     6
       Headbutt          |       |       |       |    53 ||    53
 Fire: Blowgun           |    11 |       |    28 |    36 ||    75
Throw: Throwing net      |       |       |       |     2 ||     2
Invok: Shadow Form       |       |       |       |     2 ||     2
       Shadow Step       |       |       |       |     1 ||     1
Evoke: Phantom mirror    |       |       |       |     1 ||     1
  Use: Potion            |       |     2 |    10 |     3 ||    15
       Scroll            |       |       |       |     2 ||     2
 Stab: Sleeping          |     2 |     4 |     6 |     7 ||    19
       Distracted        |       |       |     3 |    10 ||    13
       Held in net/web   |       |       |       |     1 ||     1
  Eat: Ration            |       |       |       |     2 ||     2
Armor: Robe              |       |       |       |     8 ||     8
Dodge: Dodged            |     8 |       |    82 |   386 ||   476
       Rpst.: Long sword |       |       |     4 |       ||     4

Table legend:
 A = Spawn XP
 B = Non-spawn XP
 C = Spawn XP percentage of total XP
 D = Spawn monster count
 E = Non-spawn monster count
 F = Spawn count percentage of total count
 G = Total turns spent on level
                    A         B        C        D         E        F      G
               +---------+---------+-------+---------+---------+-------+---------
         Total |       0 |   16169 |   0.0 |       0 |      87 |   0.0 |  5098
               +---------+---------+-------+---------+---------+-------+---------
             D |       0 |   16169 |   0.0 |       0 |      87 |   0.0 |  5098
               +---------+---------+-------+---------+---------+-------+---------
